 Dungeon Crawl Stone Soup version 0.26.0-10-g1f06aea511 (webtiles) character file.

Game seed: 2889818196593724349

9618 nightchill the Grappler (level 11, -4/92 HPs)
             Began as a Green Draconian Transmuter on Feb 8, 2021.
             Was an Elder of Okawaru.
             Slain by a blink frog (15 damage)
             ... on level 2 of the Lair of Beasts.
             The game lasted 00:42:21 (17293 turns).

nightchill the Grappler (DrTm)                     Turns: 17293, Time: 00:42:22

Health: -4/92      AC:  7    Str: 16    XL:     11   Next: 25%
Magic:  20/20      EV: 15    Int: 13    God:    Okawaru [****..]
Gold:   651        SH:  0    Dex: 12    Spells: 11/23 levels left

rFire    . . .     SeeInvis .     - Unarmed
rCold    . . .     Faith    .   (no shield)
rNeg     . . .     Spirit   .   (armour unavailable)
rPois    +         Reflect  .   (helmet restricted)
rElec    .         Harm     .   y - scarf {+Inv}
rCorr    .         Rampage  .   (no gloves)
Will     .....                  (no boots)
Stlth    +++.......             G - amulet of magic regeneration
HPRegen  0.25/turn              (no ring)
MPRegen  0.42/turn              (no ring)

@: heroism
A: breathe noxious fumes, unfitting armour, poison resistance, cold-blooded, AC
+7
a: Breathe Noxious Fumes, Renounce Religion, Evoke Invisibility, Heroism


You were on level 2 of the Lair of Beasts.
You worshipped Okawaru.
Okawaru was greatly pleased with you.
You visited 3 branches of the dungeon, and saw 12 of its levels.
You also visited: Sewer.

You collected 651 gold pieces.

Inventory:

Missiles
 d - 39 poisoned darts
 l - 478 stones (quivered)
 P - 3 boomerangs of dispersal
Armour
 e - a +0 buckler
 y - a scarf of invisibility (worn)
Jewellery
 b - a cursed ring of attention {unknown}
 x - a +6 ring of strength {unknown}
 C - an uncursed ring of willpower {unknown}
 F - a cursed ring of attention {unknown}
 G - an amulet of magic regeneration (around neck)
 Q - a +4 ring of protection {unknown}
Wands
 q - a wand of polymorph (31)
 H - a wand of disintegration (17)
 J - a wand of acid (7)
 L - a wand of flame (31)
 N - a wand of paralysis (4)
Scrolls
 a - 8 scrolls of remove curse
 i - 4 scrolls of fear {unknown}
 j - 2 scrolls of magic mapping {unknown}
 k - 2 scrolls of enchant weapon {unknown}
 m - a scroll of noise {unknown}
 r - 10 scrolls of teleportation {unknown}
 t - 5 scrolls of fog {unknown}
 u - 5 scrolls of amnesia {unknown}
 A - a scroll of random uselessness {unknown}
 B - 4 scrolls of blinking {unknown}
 D - a scroll of immolation {unknown}
 I - 2 scrolls of enchant armour {unknown}
Potions
 c - 5 potions of heal wounds
 f - 3 potions of haste
 g - 3 potions of brilliance
 h - 16 potions of curing
 n - 2 potions of lignification
 o - a potion of berserk rage {unknown}
 p - 2 potions of attraction
 s - 9 potions of flight
 v - 2 potions of might
 w - 2 potions of degeneration
 z - 3 potions of mutation
 E - 2 potions of resistance {unknown}
 K - a potion of ambrosia {unknown}
 M - a potion of magic {unknown}
Miscellaneous
 O - a phantom mirror


   Skills:
 + Level 7.5(12.5) Fighting
 - Level 1.7(6.7) Dodging
 * Level 10.1(15.1) Unarmed Combat
 + Level 6.6 Spellcasting
 * Level 9.9 Transmutations
 + Level 1.6 Ice Magic
 + Level 6.0 Invocations


You had 11 spell levels left.
You knew the following spells:

 Your Spells              Type           Power        Failure   Level
a - Beastly Appendage     Tmut           60%          1%          1
b - Wereblood             Tmut           30%          1%          2
c - Blade Hands           Tmut           15%          8%          5
d - Ice Form              Ice/Tmut       19%          14%         4

Your spell library contained the following spells:

 Spells                   Type           Power        Failure   Level
 Spider Form              Tmut/Pois      8%           6%          3


Dungeon Overview and Level Annotations

Branches:
Dungeon (9/15)             Temple (1/1) D:4            Lair (2/6) D:9
  Sewer (visited)
  Swamp: Lair:2-4    Shoals: Lair:2-4     Snake: Lair:2-4    Spider: Lair:2-4
    Orc: D:9-12

Altars:
Ashenzari
Cheibriados
Dithmenos
Elyvilon
Fedhas
Gozag
Hepliaklqana
Kikubaaqudgha
Makhleb
Nemelex Xobeh
Okawaru
Qazlal
Ru
Sif Muna
Trog
Uskayaw
Vehumet
Wu Jian
Xom
Yredelemnul
Zin
The Shining One

Annotations:
D:3 exclusion: 2 downstairs
D:4 !sigmund and esto
D:5 1 runed translucent door, Crazy Yiuf
D:8 exclusion: downstairs
D:9 exclusion: oklob plant
Lair:2 exclusions: electric eel and 2 more exclusions


Innate Abilities, Weirdness & Mutations

You can breathe blasts of noxious fumes.
Your lurid green scales are hard. (AC +7)
You cannot fit into any form of body armour.
Your system is resistant to poisons. (rPois)
You are cold-blooded and may be slowed by cold attacks.


Message History

You punch the yak!
The yak is moderately wounded.
You hit the yak.
The yak is moderately wounded.
The yak gores you!
* * * LOW HITPOINT WARNING * * *
You feel much better.
The blink frog blinks!
The yak gores you but does no damage.
You punch the yak! You tail-slap the yak.
The yak is almost dead.
The blink frog blinks!
The yak gores you!
* * * LOW HITPOINT WARNING * * *
You pummel the yak!!
You kill the yak!
Okawaru accepts your kill.
The blink frog blinks! x2
You closely miss the blink frog.
The blink frog is moderately wounded.
The blink frog hits you!
You die...

....................#
...............†...#.
.................P.#
...P..............##
.#P. ...#........#.#
.## ##....F.....###
..# ####.##...P# ###
## #.#..# # ###.@# #
###F...... #### ## #
# §.#§##. .#.##.#.#.#
..# ........... ...
........P.. .#..
........... F#...
..........# ..#...
.....##...#


You could see 3 blink frogs.

Vanquished Creatures
  A black mamba (Lair:1)
  3 cane toads
  2 rime drakes
  A komodo dragon (Lair:2)
  Grinder (D:5)
  Sigmund (D:4)
  9 yaks
  A wyvern (D:9)
  Eustachio (D:4)
  2 basilisks
  Edmund (D:6)
  6 water moccasins
  4 ice beasts
  5 orc warriors
  A black bear (Lair:1)
  3 sky beasts (D:9)
  2 phantoms
  4 ogres
  5 wolves (Lair:2)
  2 centaurs (D:9)
  3 big kobolds
  7 bullfrogs
  Blork the orc (D:6)
  A wyvern skeleton (D:6)
  3 scorpions
  5 wights (D:7)
  A howler monkey (D:7)
  A bullfrog zombie (D:7)
  A centaur zombie (D:8)
  3 hounds
  3 jellies
  A bullfrog skeleton (D:8)
  5 orc priests
  2 centaur skeletons
  3 iguanas
  8 orc wizards
  8 worker ants
  4 hound skeletons
  A howler monkey zombie (D:8)
  A howler monkey skeleton (D:5)
  13 adders
  3 river rats (Sewer)
  A shadow imp (D:5)
  2 white imps
  An ufetubus (D:5)
  An adder zombie (D:7)
  3 worms
  2 dart slugs
  4 leopard geckos
  35 orcs
  5 ball pythons
  6 bats
  7 giant cockroaches
  10 goblins
  11 hobgoblins
  10 jackals
  3 quokkas
  9 frilled lizards
  36 kobolds
  A quokka zombie (D:8)
  24 rats
304 creatures vanquished.

Vanquished Creatures (others)
  3 bushes (D:9)
  10 fungi
  43 plants
56 creatures vanquished.

Grand Total: 360 creatures vanquished

Notes
Turn   | Place    | Note
-------+----------+-------------------------------------------
     0 | D:1      | nightchill the Draconian Transmuter began the quest for the
                  | Orb.
     0 | D:1      | Reached XP level 1. HP: 16/16 MP: 3/3
   181 | D:1      | Reached XP level 2. HP: 12/23 MP: 3/5
   382 | D:1      | Learned a level 2 spell: Wereblood
   811 | D:1      | Reached XP level 3. HP: 25/28 MP: 6/6
  1830 | D:2      | Reached XP level 4. HP: 26/36 MP: 5/7
  2222 | D:3      | Found a glowing drain.
  2251 | Sewer    | Entered a sewer
  2270 | Sewer    | Reached skill level 4 in Unarmed Combat
  2393 | Sewer    | Reached XP level 5. HP: 28/42 MP: 7/9
  3395 | D:3      | Reached XP level 6. HP: 46/50 MP: 10/10
  4122 | D:4      | Noticed Sigmund
  4224 | D:4      | Noticed Eustachio
  4504 | D:3      | Reached skill level 5 in Unarmed Combat
  4762 | D:3      | Your scales start taking on a lurid green colour.
  4762 | D:3      | Reached XP level 7. HP: 37/57 MP: 10/12
  4762 | D:3      | Gained mutation: Your system is resistant to poisons.
                  | (rPois) [Green Draconian growth]
  4989 | D:4      | Killed Eustachio
  5081 | D:4      | Killed Sigmund
  5082 | D:4      | Reached skill level 5 in Transmutations
  5213 | D:4      | Reached skill level 6 in Unarmed Combat
  5378 | D:4      | Reached XP level 8. HP: 51/66 MP: 13/13
  5477 | D:4      | Found a glowing silver altar of Zin.
  5483 | D:4      | Found a shadowy altar of Dithmenos.
  5645 | D:4      | Found a staircase to the Ecumenical Temple.
  5656 | Temple   | Entered the Ecumenical Temple
  5783 | Temple   | Became a worshipper of Warmaster Okawaru
  5975 | D:5      | Entered Level 5 of the Dungeon
  6356 | D:5      | Reached skill level 1 in Invocations
  6658 | D:5      | Found a snail-covered altar of Cheibriados.
  6857 | D:5      | Reached skill level 5 in Fighting
  6857 | D:5      | Reached skill level 7 in Unarmed Combat
  7074 | D:5      | Noticed Grinder
  7083 | D:5      | Killed Grinder
  7083 | D:5      | Reached * piety under Okawaru
  7498 | D:5      | Found a runed translucent door.
  7499 | D:5      | Noticed Crazy Yiuf
  7555 | D:6      | Reached XP level 9. HP: 53/74 MP: 14/16
  7974 | D:6      | Found an opulent altar of Gozag.
  8002 | D:6      | Noticed Edmund
  8029 | D:6      | Killed Edmund
  8548 | D:6      | Noticed Blork the orc
  8562 | D:6      | Killed Blork the orc
  8671 | D:6      | Found a white marble altar of Elyvilon.
  9190 | D:7      | Reached skill level 5 in Spellcasting
  9795 | D:7      | Reached ** piety under Okawaru
 10074 | D:7      | Reached skill level 8 in Unarmed Combat
 10746 | D:8      | Found a hide-covered altar of Uskayaw.
 10861 | D:8      | Found a burning altar of Makhleb.
 11606 | D:9      | Reached XP level 10. HP: 54/83 MP: 16/18
 12329 | D:9      | Found a staircase to the Lair.
 12687 | D:7      | Reached skill level 9 in Unarmed Combat
 12689 | D:7      | Reached *** piety under Okawaru
 13444 | D:9      | Reached skill level 5 in Invocations
 13486 | D:9      | Noticed an oklob plant
 13524 | D:9      | Found a radiant altar of Vehumet.
 14492 | Lair:1   | Entered Level 1 of the Lair of Beasts
 14493 | Lair:1   | Noticed a cane toad
 14541 | D:9      | Learned a level 5 spell: Blade Hands
 14547 | Lair:1   | Killed a cane toad
 14679 | Lair:1   | Noticed a cane toad
 14690 | Lair:1   | Killed a cane toad
 14701 | Lair:1   | Noticed a black mamba
 14962 | Lair:1   | Killed a black mamba
 14962 | Lair:1   | Reached **** piety under Okawaru
 15466 | Lair:1   | Learned a level 4 spell: Ice Form
 16072 | Lair:1   | Reached XP level 11. HP: 31/92 MP: 20/20
 16751 | Lair:2   | Reached skill level 1 in Ice Magic
 17258 | Lair:2   | Reached skill level 10 in Unarmed Combat
 17289 | Lair:2   | HP: 1/92 [yak (17)]
 17293 | Lair:2   | Slain by a blink frog

Illustrated notes

Levels and vault maps discovered:
D:1:      psy_arrival_fountain, layout_loops_ring, minmay_door_square,
          serial_park_tiny_pond
D:2:      layout_rooms
D:3:      layout_rooms, gup_sewer_entry_glass, grunt_ministairs_15,
          chequers_serial_rivers_large_a
D:4:      cheibrodos_thug_alley, layout_rooms, zin_statuary,
          grunt_dithmenos_smoke_and_mirrors, minmay_temple_entry_poolview,
          uniq_sigmund, uniq_eustachio
D:5:      layout_loops_corners, kennysheep_slug_shrine, uniq_crazy_yiuf_cottage,
          uniq_grinder
D:6:      layout_layer_cave, overflow_temple_1_default, kennysheep_little_box,
          chequers_serial_rivers_room_a, chequers_garden, uniq_edmund,
          uniq_blork_the_orc
D:7:      layout_basic
D:8:      layout_gridville, nicolae_overflow_crystal_walls, old_standard_altar
D:9:      layout_roguey, minmay_lair_entry_grove, lemuel_oklob_altar
Temple:   regret_index_temple_waves
Lair:1:   layout_regular_city
Lair:2:   layout_cave_shapes, grunt_megastairs_2, serial_bayou_shore_a

Skill      XL: |  1  2  3  4  5  6  7  8  9 10 11 |
---------------+----------------------------------+-----
Fighting       | 2 3 4 5 6 7 |  7.5
Transmutations | 3 4 5 6 8 9 |  9.9
Unarmed Combat | 4 5 6 7 8 9 10 | 10.1
Spellcasting   | 3 4 5 6 |  6.6
Invocations    | 2 4 5 6 |  6.0
Ice Magic      | 1 |  1.6
Dodging        | |  1.7

Action                   |  1- 3 |  4- 6 |  7- 9 | 10-12 || total
-------------------------+-------+-------+-------+-------++-------
Melee: Unarmed           |   170 |   250 |   429 |   259 ||  1108
       Tailslap          |    14 |    20 |    60 |    25 ||   119
       Kick              |    16 |    20 |    83 |    40 ||   159
       Headbutt          |     4 |    16 |    44 |    15 ||    79
       Punch             |       |     5 |    17 |     8 ||    30
Throw: Stone             |       |     1 |       |       ||     1
 Cast: Beastly Appendage |    16 |    25 |    45 |    18 ||   104
       Wereblood         |     3 |     6 |     7 |     3 ||    19
       Blade Hands       |       |       |       |    11 ||    11
Invok: Heroism           |       |       |     1 |     3 ||     4
 Abil: Breathe Noxious F |       |       |    25 |     6 ||    31
  Use: Scroll            |       |       |     9 |     2 ||    11
       Potion            |       |       |       |     1 ||     1
 Stab: Sleeping          |       |     1 |       |       ||     1
       Confused          |       |       |    15 |     1 ||    16
Armor: Skin              |    36 |    83 |    85 |    58 ||   262
Dodge: Dodged            |    99 |   166 |   174 |   116 ||   555
